 Dungeon Crawl Stone Soup version 0.27-a0-808-g60bc5d92e6 (webtiles) character file.

Game seed: 3547678838164191953

56 Capylives the Slasher (level 3, 29/30 HPs)
             Began as a Djinni Berserker on Mar 28, 2021.
             Was a Believer of Trog.
             Got out of the dungeon alive.
             The game lasted 00:04:43 (3417 turns).

Capylives the Slasher (Djinni Berserker)            Turns: 3417, Time: 00:04:43

Health: 29/30      AC:  2    Str: 17    XL:     3   Next: 97%
Gold:   96         EV: 12    Int:  8    God:    Trog [**....] SH:  0 Dex: 12

rFire    + + .     SeeInvis .   a - +0 falchion
rCold    x . .     Faith    .   (no shield)
rNeg     . . .     Spirit   .   b - +0 animal skin
rPois    ∞         Reflect  .   (no helmet)
rElec    .         Harm     .   (no cloak)
rCorr    .         Rampage  .   (no gloves)
Will     .....                  (boots unavailable)
Stlth    +.........             (no amulet)
HPRegen  0.10/turn              (no ring)
MPRegen  0.00/turn              (no ring)

@: flying
A: fire resistance 2, cold vulnerability 1, float, innate caster, hp casting,
extra vitality 1
a: Renounce Religion, Berserk, Trog's Hand


You escaped.
You worshipped Trog.
Trog was pleased with you.
You visited 1 branch of the dungeon, and saw 3 of its levels.

You collected 96 gold pieces.

Inventory:

Hand Weapons
 a - a +0 falchion (weapon)
Armour
 b - a +0 animal skin (worn)
Jewellery
 c - an amulet of magic regeneration
 f - a ring of see invisible
Scrolls
 d - a scroll of silence {unknown}
 e - a scroll of identify {unknown}
 g - a scroll of noise {unknown}
Potions
 h - a potion of might {unknown}


   Skills:
 + Level 3.3 Fighting
 * Level 3.4 Long Blades
 + Level 2.5 Armour
 + Level 2.8 Dodging


You had one spell level left.
You knew the following spells:

 Your Spells              Type           Power      Damage    Failure   Level
a - Freeze                Ice            0%         1d3       41%         1
Your spell library was empty.

Dungeon Overview and Level Annotations

Branches:
Dungeon (3/15)

Altars:
Fedhas
Xom


Innate Abilities, Weirdness & Mutations

You are immune to poison.
Your flesh is very heat resistant. (rF++)
You are vulnerable to cold. (rC-)
You float through the air rather than walking.
You learn spells naturally, not from books.
Your magical power is your life essence.
You have superior vitality. (+4 HP)


Message History

The kobold is heavily wounded.
The kobold misses you.
You riposte.
You closely miss the kobold.
The kobold is heavily wounded.
You miss the kobold.
The kobold is heavily wounded.
The kobold hits you with a +0 short sword.
You barely miss the kobold.
The kobold is heavily wounded.
The kobold hits you but does no damage.
You closely miss the kobold.
The kobold is heavily wounded.
The kobold barely misses you.
You riposte.
You hit the kobold.
You kill the kobold!
Trog accepts your kill.
No target in view!
No target in view!
(D) Dungeon
Where to? (Enter - D:2 @ (x,y), ? - help)
What level of the Dungeon? (default 1, ? - help)
Things that are here:
a +0 flail; a +0 leather armour; an orc corpse
There is a stone staircase leading up here.
You fly upwards.
There is a stone staircase leading down here.
There is a stone staircase leading up here.
You fly upwards.
There is a stone staircase leading down here.
Key pressed, stopping travel.
You can't go up here!
Things that are here:
3 stones; a +0 short sword
There is an open door here.
There is a staircase leading out of the dungeon here.
Are you sure you want to leave the Dungeon?
This will make you lose the game!
Alright, then stay!
Are you sure you want to leave the Dungeon?
This will make you lose the game!
Alright, then stay!
Unknown command.
Are you sure you want to leave the Dungeon?
This will make you lose the game!
You have escaped!

#............#.# #.###.#.#
#...##########.###.....#.#
#...# ##### #.....#####.#
#...####8.8###.........#.#
#...##......###....#...#.####
#.(.##......# #....#...#.....
#..###...8..########...######
#....#......8# #...#
#..#.'......@# #...#
#..###...(..8# #...# #..#
#...8..########>..#
#..###......##.........#
#....#......##.#####...#
##.#.###8.8###.# ##..# #...#
#######.######..# #####
#.............#
##.#..#######.#


There were no monsters in sight!

Vanquished Creatures
  2 worms (D:2)
  2 dart slugs (D:2)
  An orc (D:3)
  7 ball pythons
  3 endoplasms (D:1)
  5 giant cockroaches
  3 goblins
  2 jackals (D:1)
  3 quokkas
  3 bats
  4 frilled lizards
  4 kobolds
  5 rats
44 creatures vanquished.

Notes
Turn   | Place    | Note
-------+----------+-------------------------------------------
     0 | D:1      | Capylives the Djinni Berserker began the quest for the Orb.
     0 | D:1      | Reached XP level 1. HP: 20/20 MP: 0/0
   382 | D:1      | Reached XP level 2. HP: 25/25 MP: 0/0
  1502 | D:1      | Reached XP level 3. HP: 28/30 MP: 0/0
  1502 | D:1      | Learned a level 1 spell: Freeze
  1882 | D:2      | Found a shimmering altar of Xom.
  2221 | D:2      | Found a blossoming altar of Fedhas.
  2259 | D:2      | Reached ** piety under Trog
  3417 | D:$      | Got out of the dungeon alive.

Illustrated notes

Levels and vault maps discovered:
D:1:      mrwooster_arrival_statue_3, layout_basic, hex_medium
D:2:      layout_loops_corners, general_overflow_altar, fedhas_ov_isle_minmay
D:3:      layout_loops_cross, nicolae_overflow_hidden_temple

Skill      XL: |  1  2 |
---------------+-------+-----
Long Blades    | 3 |  3.4
Fighting       | |  3.3
Armour         | |  2.5
Dodging        | |  2.8

Action                   || total
-------------------------++-------
Melee: Falchion          ||   152
 Stab: Sleeping          ||     3
Armor: Animal skin       ||    31
Dodge: Dodged            ||   106
       Rpst.: Falchion   ||    29

Table legend: (Time is in decaauts)
 A = Elapsed time spent in this place.
 B = Non-inter-level travel time spent in this place.
 C = Inter-level travel time spent in this place.
 D = Time resting spent in this place.
 E = Time spent auto-exploring this place.
 F = Levels seen in this place.
 G = Mean time per level.
                   A        B        C        D        E       F      G
               +--------+--------+--------+--------+--------+-----+--------+
         Total |   3440 |   3176 |    264 |      0 |   2844 |   3 | 1146.7 |
       Dungeon |   3440 |   3176 |    264 |      0 |   2844 |   3 | 1146.7 |
               +--------+--------+--------+--------+--------+-----+--------+

Top non-repeatable levels by time:
     D:1: 1928 daAuts
     D:2: 1417 daAuts
     D:3: 94 daAuts
